 Dungeon Crawl Stone Soup version 0.30-a0-986-g7f2e898f52 (webtiles) character file.

Game seed: 833114837380967867

96 KristoblXynda the Ducker (level 4, -5/34 HPs)
             Began as a Demonspawn Gladiator on Apr 1, 2023.
             Slain by Crazy Yiuf
             ... wielding a +2 quarterstaff of chaos
              (9 damage)
             ... on level 2 of the Dungeon.
             The game lasted 00:02:02 (1745 turns).

KristoblXynda the Ducker (Demonspawn Gladiator)     Turns: 1745, Time: 00:02:03

Health: -5/34      AC:  6    Str: 17    XL:     4   Next: 41%
Magic:  4/4        EV: 12    Int:  9    God:
Gold:   137        SH:  4    Dex: 14    Spells: 3/3 levels left

rFire   . . .      SeeInvis .    a - +0 war axe
rCold   . . .      Faith    .    (no shield)
rNeg    . . .      Spirit   .    l - +0 ring mail
rPois   .          Reflect  .    c - +0 helmet
rElec   .          Rampage  .    (no cloak)
rCorr   .                        (no gloves)
Will    .....                    (no boots)
Stlth   +                        (no amulet)
HPRegen 0.25/turn                (no ring)
MPRegen 0.09/turn                (no ring)

@: lethally poisoned (-5 -> -17)
A: demonic guardian 2, condensation shield
a: no special abilities


You were on level 2 of the Dungeon.
You visited 1 branch of the dungeon, and saw 2 of its levels.

You collected 137 gold pieces.

Inventory:

Hand Weapons
 a - a +0 war axe (weapon)
Missiles
 d - 4 throwing nets (quivered)
 e - a javelin
Armour
 c - a +0 helmet (worn)
 l - a +0 ring mail (worn)
Scrolls
 b - a scroll of teleportation {unknown}
 i - a scroll of amnesia {unknown}
 j - a scroll of enchant weapon {unknown}
 m - a scroll of silence {unknown}
 n - a scroll of brand weapon {unknown}
 o - a scroll of immolation {unknown}
Potions
 f - a potion of heal wounds {unknown}
 g - a potion of brilliance {unknown}
 h - 3 potions of curing {unknown}
 k - 2 potions of berserk rage {unknown}
 p - 3 potions of attraction {unknown}


   Skills:
 + Level 2.7 Fighting
 * Level 3.5 Axes
 - Level 2.0 Throwing
 + Level 3.6 Dodging


You had 3 spell levels left.
You didn't know any spells.
Your spell library contained the following spells:

 Spells                   Type           Power      Damage    Failure   Level
 Blink                    Tloc           0%         N/A       75%         2
 Ensorcelled Hibernation  Hex/Ice        0%         N/A       75%         2
 Lesser Beckoning         Tloc           0%         N/A       75%         2
 Momentum Strike          Conj/Tloc      0%         3d8       75%         2
 Passwall                 Tmut/Erth      0%         N/A       75%         2
 Portal Projectile        Hex/Tloc       0%         N/A       92%         3
 Spider Form              Tmut/Pois      0%         N/A       92%         3
 Swiftness                Air            0%         N/A       92%         3
 Tukima's Dance           Hex            0%         N/A       92%         3
 Anguish                  Hex/Necr       0%         N/A       100%        4
 Blade Hands              Tmut           0%         N/A       100%        5


Dungeon Overview and Level Annotations

Branches:
Dungeon (2/15)

Altars:

Annotations:
D:2 Crazy Yiuf


Innate Abilities, Weirdness & Mutations

A demonic guardian rushes to your aid.
A meltable shield of frost defends you. (SH +4)


Message History

No target in view!
No target in view!
No target in view!
No target in view!
Crazy Yiuf shouts!
There is a stone staircase leading up here.
Could not explore, unopened runed door.
Okay, then.
Okay, then.
You open the door.
Throw: 5 throwing nets
Press: ? - help, Q - select action, (/) - cycle Shift-Dir - straight line, f - Crazy Yiuf
Aim: Crazy Yiuf, wielding a +2 quarterstaff of chaos and wearing a +0 cloak (64% to hit)
You throw a throwing net. The throwing net hits Crazy Yiuf.
Crazy Yiuf is caught in the net!
Crazy Yiuf struggles against the net.
You hit Crazy Yiuf but do no damage.
Crazy Yiuf yells, "Prologue return to song song!"
Crazy Yiuf struggles against the net.
You catch the helpless Crazy Yiuf completely off-guard!
You hit Crazy Yiuf but do no damage.
Crazy Yiuf struggles against the net. x2
You hit Crazy Yiuf.
Crazy Yiuf is moderately wounded.
Crazy Yiuf struggles against the net.
The net rips apart, and Crazy Yiuf comes free!
You barely miss Crazy Yiuf.
Crazy Yiuf is moderately wounded.
Crazy Yiuf hits you with a +2 quarterstaff of chaos!
A demonic guardian appears!
You are poisoned.
You closely miss Crazy Yiuf.
Crazy Yiuf is moderately wounded.
You feel very sick. Crazy Yiuf barely misses you.
Your ice devil barely misses Crazy Yiuf.
Crazy Yiuf whimpers, "Spliff!"
Crazy Yiuf hits you with a +2 quarterstaff of chaos!
* * * LOW HITPOINT WARNING * * *
You are electrocuted!
You die...

.......<..........#
#.#
..........###.###.#
#.# .....###### #.#
#.# #.# .....#### ###
### ### ..#.....#
.####.### ...##.######
### ...##.#.#.P##
###..)#
...##......P####@g4..#
#####
...####....P.#..##...#
#...# .).# ###...#.###
### ###.# ...# #######
#.# ...# #.# ...# ####
#.# ...####### #..#
#.#
.........#######..#
#.#
.........>........#
#.#


You could see Crazy Yiuf (ally target) and a friendly ice devil (summoned).

Vanquished Creatures
  4 gnolls
  2 dart slugs
  5 bats
  5 endoplasms
  4 giant cockroaches
  5 goblins
  5 hobgoblins
  4 jackals (D:1)
  3 quokkas (D:2)
  3 frilled lizards
  3 kobolds
  6 rats
49 creatures vanquished.

Vanquished Creatures (collateral kills)
  A bat (D:1)
1 creature vanquished.

Grand Total: 50 creatures vanquished

Notes
Turn   | Place    | Note
-------+----------+-------------------------------------------
     0 | D:1      | KristoblXynda the Demonspawn Gladiator began the quest for
                  | the Orb.
     0 | D:1      | Reached XP level 1. HP: 16/16 MP: 1/1
   150 | D:1      | Gained mutation: A weak demonic guardian rushes to your
                  | aid. [demonic ancestry]
   150 | D:1      | Reached XP level 2. HP: 11/22 MP: 2/2
   377 | D:1      | Gained mutation: A meltable shield of frost defends you.
                  | (SH +4) [demonic ancestry]
   377 | D:1      | Reached XP level 3. HP: 19/27 MP: 3/3
  1368 | D:2      | Gained mutation: A demonic guardian rushes to your aid.
                  | [demonic ancestry]
  1368 | D:2      | Reached XP level 4. HP: 29/34 MP: 4/4
  1677 | D:2      | Found a runed translucent door.
  1678 | D:2      | Noticed Crazy Yiuf
  1745 | D:2      | Slain by Crazy Yiuf

Illustrated notes

Levels and vault maps discovered:
D:1:      psy_arrival_basics, layout_basic
D:2:      layout_loops_ring, uniq_crazy_yiuf_cottage

Skill      XL: |  1  2 |
---------------+-------+-----
Dodging        | 3 |  3.6
Axes           | 3 |  3.5
Throwing       | 2 |  2.0
Fighting       | |  2.7

Action                     |  1- 3 |  4- 6 || total
---------------------------+-------+-------++-------
  Melee: War axe           |   121 |    15 ||   136
         Punch             |     2 |       ||     2
  Throw: Throwing net      |       |     1 ||     1
   Stab: Held in net/web   |       |     1 ||     1
 Armour: Leather armour    |    17 |       ||    17
         Ring mail         |    20 |     3 ||    23
  Dodge: Dodged            |    92 |     4 ||    96
  Block: Other             |    12 |     2 ||    14

Table legend: (Time is in decaauts)
 A = Elapsed time spent in this place.
 B = Non-inter-level travel time spent in this place.
 C = Inter-level travel time spent in this place.
 D = Time resting spent in this place.
 E = Time spent auto-exploring this place.
 F = Levels seen in this place.
 G = Mean time per level.
                   A        B        C        D        E       F      G
               +--------+--------+--------+--------+--------+-----+--------+
         Total |   1791 |   1785 |      6 |     28 |   1421 |   2 |  895.5 |
       Dungeon |   1791 |   1785 |      6 |     28 |   1421 |   2 |  895.5 |
               +--------+--------+--------+--------+--------+-----+--------+

Top non-repeatable levels by time:
     D:1: 982 daAuts
     D:2: 809 daAuts
